 Dungeon Sprint DCSS version 0.24.1-14-gf8d2b509d9 (webtiles) character file.

Game seed: 14888766375418539983, levelgen mode: deterministic

30 NinjaNoafa the Charmwright (level 3, 24/24 HPs)
             Began as a Halfling Skald on Jan 26, 2023.
             Was the Champion of Jiyva.
             Quit the game in the Dungeon (Sprint VII: "The Pits").
             The game lasted 00:04:33 (146 turns).

NinjaNoafa the Charmwright (Halfling Skald)          Turns: 146, Time: 00:04:33

Health: 24/24      AC:  7    Str: 12    XL:     3   Next: 35%
Magic:  7/7        EV: 14    Int: 12    God:    Jiyva [******]
Gold:   0          SH:  0    Dex: 13    Spells: 5/8 levels left

rFire    . . .     SeeInvis .   c - +2 dagger
rCold    . . .     Gourm    .   (shield restricted)
rNeg     . . .     Faith    .   b - +0 leather armour
rPois    .         Spirit   .   (no helmet)
rElec    .         Reflect  .   (no cloak)
rCorr    +         Harm     .   (no gloves)
MR       +....     NoTele   +   (no boots)
Stlth    +.........             (no amulet)
HPRegen  0.08/turn              (no ring)
MPRegen  0.10/turn              (no ring)

@: no status effects
A: small, thin metallic scales 1, yellow scales 1, magic resistance 1, mutation
resistance 1, translucent skin 1
a: Request Jelly, Slimify, Cure Bad Mutation, Renounce Religion


You were in the Dungeon.
You worshipped Jiyva.
Jiyva was exalted by your worship.
You were very full.

You visited 1 branch

Inventory:

Hand Weapons
 c - a +2 dagger (weapon)
Armour
 b - a +0 leather armour (worn)
Magical Staves
 o - an uncursed staff of energy
Scrolls
 j - a scroll of blinking
 k - 3 scrolls of remove curse
 l - 5 scrolls of amnesia
 m - a scroll of summoning
 n - 2 scrolls of vulnerability
Potions
 a - 2 potions of invisibility
 e - a potion of curing
 f - a potion of heal wounds
 g - a potion of haste
 h - 4 potions of magic
 i - 3 potions of berserk rage
Comestibles
 d - 8 rations


   Skills:
 - Level 1.7 Fighting
 + Level 3.0 Short Blades
 - Level 1.1 Armour
 - Level 2.1 Dodging
 + Level 3.4 Spellcasting
 + Level 5.6 Charms


You had 5 spell levels left.
You knew the following spells:

 Your Spells              Type           Power        Failure   Level  Hunger
a - Infusion              Chrm           ###.         3%          1    #......
b - Song of Slaying       Chrm           ###.....     4%          2    ##.....

Your spell library contained the following spells:

 Spells                   Type           Power        Failure   Level  Hunger
 Shroud of Golubria       Chrm/Tloc      #.....       14%         2    ##.....
 Regeneration             Chrm/Necr      #.........   28%         3    ###....
 Spectral Weapon          Hex/Chrm       #.......     28%         3    ###....


Dungeon Overview and Level Annotations

Branches:
Dungeon (1/1)

Altars:
Ashenzari
Cheibriados
Dithmenos
Elyvilon
Fedhas
Gozag
Hepliaklqana
Kikubaaqudgha
Makhleb
Nemelex Xobeh
Okawaru
Qazlal
Ru
Sif Muna
Trog
Uskayaw
Vehumet
Wu Jian
Xom
Yredelemnul
Zin
The Shining One
Beogh
Jiyva
Lugonu


Innate Abilities, Weirdness & Mutations

You are small and have problems with some larger weapons.
You are somewhat resistant to further mutation.
You are partially covered in thin metallic scales. (AC +2)
You are partially covered in yellow scales. (AC +2)
You are resistant to hostile enchantments. (MR+)
Your translucent skin slightly reduces your foes' accuracy. (Stealth)


Message History

The river rat is severely wounded.
You hear a distant slurping noise.
Jiyva alters your body.
Thin metallic scales grow over part of your body.
Jiyva alters your body.
You feel genetically unstable. Jiyva appreciates your sacrifice.
You feel a little less hungry.
You hear a distant slurping noise.
The river rat closely misses you.
You hear a distant slurping noise.
Jiyva appreciates your sacrifice.
You feel a little less hungry.
Unknown command.
You hit the river rat.
You kill the river rat!
Your Short Blades skill increases to level 3!
The giant cockroach zombie barely misses you.
Unknown command.
Are you sure you want to abandon this character and quit the game? (Confirm with "yes".)

#_______...###########+
##########'##..........
#..(.))))'.##......#..#
##########.##..........
#...........'..........
+#####'#####......#..#
#...#†# #..........
#...#.# ####'#####+
#..Z@.# #.......#
##+#### #.......#
#.......# #...<...#
#.......# #.......#
#.......# #########


You could see a giant cockroach zombie.

Vanquished Creatures
  A gnoll (D)
  2 river rats (D)
  A quokka (D)
4 creatures vanquished.

Vanquished Creatures (others)
  A Killer Klown (D)
  A lich (D)
  An Orb Guardian (D)
  3 acid blobs (D)
  A titan (D)
  A deep elf blademaster (D)
  3 azure jellies (D)
  A ghost moth (D)
  2 death oozes (D)
  A green death (D)
  A great orb of eyes (D)
  A tormentor (D)
  2 golden eyes (D)
  A warg (D)
  2 jellies (D)
  2 oozes (D)
  An orc (D)
25 creatures vanquished.

Grand Total: 29 creatures vanquished

Notes
Turn   | Place    | Note
-------+----------+-------------------------------------------
     0 | D        | NinjaNoafa the Halfling Skald began the quest for the Orb.
     0 | D        | Reached XP level 1. HP: 14/14 MP: 3/3
    21 | D        | Reached skill level 4 in Charms
    21 | D        | Reached XP level 2. HP: 9/19 MP: 0/5
    68 | D        | Found a bloodstained altar of Trog.
    68 | D        | Found a shimmering blue altar of Sif Muna.
    68 | D        | Found a viscous altar of Jiyva.
    68 | D        | Found a hazy altar of Hepliaklqana.
    68 | D        | Found an opulent altar of Gozag.
    69 | D        | Found a glowing golden altar of the Shining One.
    69 | D        | Found a glowing silver altar of Zin.
    69 | D        | Found a basalt altar of Yredelemnul.
    69 | D        | Found a shimmering altar of Xom.
    69 | D        | Found an ornate altar of the Wu Jian Council.
    69 | D        | Found a sacrificial altar of Ru.
    69 | D        | Found a stormy altar of Qazlal.
    69 | D        | Found an iron altar of Okawaru.
    69 | D        | Found a sparkling altar of Nemelex Xobeh.
    69 | D        | Found a burning altar of Makhleb.
    69 | D        | Found a blossoming altar of Fedhas.
    69 | D        | Found a white marble altar of Elyvilon.
    69 | D        | Found a shadowy altar of Dithmenos.
    69 | D        | Found a snail-covered altar of Cheibriados.
    73 | D        | Found a roughly hewn altar of Beogh.
    73 | D        | Found a corrupted altar of Lugonu.
    73 | D        | Found a radiant altar of Vehumet.
    74 | D        | Found a shattered altar of Ashenzari.
    74 | D        | Found an ancient bone altar of Kikubaaqudgha.
    74 | D        | Found a hide-covered altar of Uskayaw.
    91 | D        | Became a worshipper of Jiyva Julen the Shapeless
    91 | D        | Reached * piety under Jiyva
    93 | D        | Killed a titan
    93 | D        | Killed a great orb of eyes
    94 | D        | Killed a lich
    94 | D        | Killed a tormentor
    94 | D        | Killed a golden eye
    94 | D        | Killed an azure jelly
    94 | D        | Reached ** piety under Jiyva
    95 | D        | Killed an acid blob
    95 | D        | Killed a death ooze
    98 | D        | Killed a ghost moth
    98 | D        | Killed a deep elf blademaster
    99 | D        | Killed an Orb Guardian
   100 | D        | Killed an azure jelly
   100 | D        | Reached *** piety under Jiyva
   100 | D        | Killed an acid blob
   100 | D        | Killed an acid blob
   106 | D        | Killed a death ooze
   113 | D        | Killed a green death
   115 | D        | Killed a golden eye
   115 | D        | Killed a warg
   117 | D        | Reached skill level 5 in Charms
   117 | D        | Reached XP level 3. HP: 3/24 MP: 3/7
   121 | D        | Learned a level 2 spell: Song of Slaying
   123 | D        | Killed a Killer Klown
   125 | D        | Killed an azure jelly
   129 | D        | Reached **** piety under Jiyva
   129 | D        | Gained mutation: Your rubbery body absorbs attacks. (AC +1,
                  | EV +1) [Jiyva's grace]
   129 | D        | Reached ***** piety under Jiyva
   136 | D        | Gained mutation: Your pliable body absorbs attacks. (AC +2,
                  | EV +2) [Jiyva's grace]
   136 | D        | Gained mutation: You are resistant to hostile enchantments.
                  | (MR+) [Jiyva's grace]
   137 | D        | Gained mutation: You are highly resistant to hostile
                  | enchantments. (MR++) [Jiyva's grace]
   137 | D        | Reached ****** piety under Jiyva
   138 | D        | Lost mutation: Your pliable body absorbs attacks. (AC +2,
                  | EV +2) [Jiyva's grace]
   138 | D        | Lost mutation: Your rubbery body absorbs attacks. (AC +1,
                  | EV +1) [Jiyva's grace]
   138 | D        | Lost mutation: You are highly resistant to hostile
                  | enchantments. (MR++) [Jiyva's grace]
   139 | D        | Gained mutation: You are frail. (-10% HP) [Jiyva's grace]
   139 | D        | Gained mutation: You are somewhat resistant to both further
                  | mutation and mutation removal. [Jiyva's grace]
   140 | D        | Gained mutation: Your translucent skin slightly reduces
                  | your foes' accuracy. (Stealth) [Jiyva's grace]
   140 | D        | Gained mutation: Your mind is acute. (Int +2) [Jiyva's
                  | grace]
   141 | D        | Lost mutation: You are frail. (-10% HP) [Jiyva's grace]
   141 | D        | Lost mutation: Your mind is acute. (Int +2) [Jiyva's grace]
   142 | D        | Gained mutation: Your mind is acute. (Int +2) [Jiyva's
                  | grace]
   143 | D        | Gained mutation: You are partially covered in yellow
                  | scales. (AC +2) [Jiyva's grace]
   143 | D        | Lost mutation: Your mind is acute. (Int +2) [Jiyva's grace]
   144 | D        | Gained mutation: You are partially covered in thin metallic
                  | scales. (AC +2) [Jiyva's grace]
   144 | D        | Lost mutation: You are somewhat resistant to both further
                  | mutation and mutation removal. [Jiyva's grace]
   146 | D        | Quit the game

Levels and vault maps discovered:
D:        pitsprint [storerooms_1, entrance_room_1, metal_vault_3, armoury_1,
          mini_pit_1, grid_room_1, main_hall_1, silver_pit, the_coven_2,
          the_vestibule_1, steel_vault_1, golden_pit, hallway_of_sentries,
          crystal_vault_3, iron_vault_2, final_vault]

Skill      XL: |  1  2  3 |
---------------+----------+-----
Spellcasting   | 2 3 |  3.4
Charms         | 4 5 |  5.6
Short Blades   | 3 |  3.0
Fighting       | |  1.7
Armour         | |  1.1
Dodging        | |  2.1

Action                   || total
-------------------------++-------
Melee: Short sword       ||     9
       Dagger            ||    17
 Cast: Infusion          ||     2
 Stab: Sleeping          ||     2
  Eat: Ration            ||     1
Armor: Leather armour    ||     2
Dodge: Dodged            ||    12
